 Dungeon Crawl Stone Soup version 0.28-a0-429-g1448048969 (webtiles) character file.

Game seed: 17941531555509279444

13135 mhtbhm the Carver (level 11, -3/101 HPs)
             Began as a Minotaur Fighter on Sept 10, 2021.
             Was a High Priest of Okawaru.
             Slain by a death yak (17 damage)
             ... on level 1 of the Lair of Beasts.
             The game lasted 00:23:41 (13994 turns).

mhtbhm the Carver (Minotaur Fighter)               Turns: 13994, Time: 00:23:42

Health: -3/101     AC: 10    Str: 23    XL:     11   Next: 71%
Magic:  9/10       EV: 14    Int:  5    God:    Okawaru [*****.]
Gold:   769        SH:  6    Dex: 13    Spells: 10/10 levels left

rFire   + . .      SeeInvis +   a - +3 long sword
rCold   + . .      Faith    .   c - +0 buckler
rNeg    + . .      Spirit   .   b - +0 acid dragon scales
rPois   .          Reflect  .   (helmet restricted)
rElec   .          Harm     .   (no cloak)
rCorr   +          Rampage  .   m - +0 pair of gloves
Will    .....                   (no boots)
Stlth   +.........              f - amulet of the acrobat
HPRegen 0.26/turn               y - ring of see invisible
MPRegen 0.12/turn               z - ring of Koowekko {Fly rF+ rC+ rN+ Dex+2}

@: flying
A: horns 2, retaliatory headbutt
a: Renounce Religion, Heroism, Finesse, Duel


You were on level 1 of the Lair of Beasts.
You worshipped Okawaru.
Okawaru was extremely pleased with you.
You visited 2 branches of the dungeon, and saw 11 of its levels.

You collected 781 gold pieces.
You donated 12 gold pieces to Zin.

Inventory:

Hand Weapons
 a - a +3 long sword (weapon)
Missiles
 B - a curare-tipped dart (quivered)
Armour
 b - +0 acid dragon scales (worn)
 c - a +0 buckler (worn)
 m - a +0 pair of gloves (worn)
Jewellery
 f - an amulet of the acrobat (around neck)
 k - a ring of fire
 y - a ring of see invisible (left hand)
 z - the ring of Koowekko (right hand) {Fly rF+ rC+ rN+ Dex+2}
   (You took it off a kobold on level 8 of the Dungeon)

   [ring of flight]

   Dex:       It affects your dexterity (+2).
   rF:        It protects you from fire.
   rC:        It protects you from cold.
   rN:        It protects you from negative energy.
   Fly:       It grants you flight.
 D - a ring of wizardry
Wands
 e - a wand of flame (13)
 n - a wand of iceblast (1)
 r - a wand of polymorph (10)
 w - a wand of digging (5)
Scrolls
 d - a scroll of enchant weapon
 g - a scroll of enchant armour {unknown}
 l - 2 scrolls of amnesia
 o - a scroll of fear
 s - 2 scrolls of silence
 u - 3 scrolls of blinking
 x - a scroll of vulnerability {unknown}
 C - a scroll of magic mapping {unknown}
Potions
 h - 3 potions of mutation
 i - a potion of haste
 j - a potion of magic
 q - a potion of flight {unknown}
 A - a potion of lignification {unknown}


   Skills:
 + Level 10.6 Fighting
 + Level 13.5 Long Blades
 + Level 10.5 Armour
 + Level 7.0 Dodging
 - Level 0.2 Stealth
 + Level 8.2 Shields
 + Level 0.2 Invocations
 + Level 2.1 Evocations


You had 10 spell levels left.
You didn't know any spells.
Your spell library contained the following spells:

 Spells                   Type           Power      Damage    Failure   Level
 Foxfire                  Conj/Fire      0%         2x1d4     54%         1
 Corpse Rot               Necr/Air       N/A        N/A       67%         2
 Poisonous Vapours        Pois/Air       0%         N/A       67%         2
 Conjure Flame            Conj/Fire      0%         6-21      88%         3
 Inner Flame              Hex/Fire       0%         N/A       88%         3
 Flame Wave               Conj/Fire      0%         3d3       99%         4


Dungeon Overview and Level Annotations

Branches:
Dungeon (10/15)            Temple (0/1) D:5            Lair (1/6) D:9
    Orc: D:9-12

Altars:
Ashenzari
Cheibriados
Elyvilon
Hepliaklqana
Kikubaaqudgha
Makhleb
Okawaru
Qazlal
Ru
Sif Muna
Wu Jian
Xom
Yredelemnul
Zin

Shops:
D:6 [

Annotations:
D:8 Gastronok


Innate Abilities, Weirdness & Mutations

You have a pair of horns on your head.
You reflexively headbutt those who attack you in melee.


Message History

Something appears at your feet!
You see here a +1 plate armour of cold resistance.
The death yak gores you but does no damage.
The death yak barely misses you. You furiously retaliate!
You headbutt the death yak!
The death yak gores you but does no damage.
The death yak misses you.
You feel like a meek peon again.
You hit the death yak. Your headbutt misses the death yak.
The death yak is heavily wounded.
The death yak misses you. You furiously retaliate!
You headbutt the death yak. The death yak closely misses you.
You furiously retaliate!
You headbutt the death yak. The death yak gores you!
You slash the death yak!
The death yak is severely wounded.
The death yak barely misses you.
You slash the death yak! You headbutt the death yak.
The death yak is almost dead.
You block the death yak's attack. The death yak misses you.
You hit the death yak. Your headbutt misses the death yak.
The death yak is almost dead.
The death yak gores you but does no damage.
The death yak gores you! The death yak gores you!!
You completely miss the death yak. You headbutt the death yak.
The death yak is almost dead.
You block the death yak's attack. The death yak gores you!
You slice the death yak!!
You kill the death yak!
Okawaru accepts your kill. The death yak gores you!
* * * LOW HITPOINT WARNING * * *
Your Dodging skill increases to level 7!
Unknown command.
Okay, then.
As you read the scroll of fear, it crumbles to dust.
You assume a fearsome visage.
The death yak resists with some effort. x2
The death yak resists with almost no effort.
The water moccasin looks frightened!
The death yak barely misses you. The death yak gores you!
You die...

...Y.###.......$... .....#
#.Y........ # .....#
#.#[...... .# .....# ##.......
..# .....# ###.#(#.P# #.'#.#
##.....# ##.#### #...#
##'.#.## ##..#####
.......###...S.Y@#
.......+.....).YY## +###
.......P.#....[...# ....#
.........#........# ###....#
.......#.........######.'....#
.......#.#.......'..YY.S.....#
.........+.......##.Y####....+
....^..###.......##### ....#
........#.#####.## .#.#


You could see 3 death yaks and a water moccasin (fleeing).

Vanquished Creatures
  3 two-headed ogres
  4 death yaks
  A centaur zombie (D:10)
  2 gargoyles (D:10)
  A rime drake (Lair:1)
  Maggie (D:8)
  A kobold demonologist (D:10)
  A shadow (D:10)
  10 yaks
  2 wyverns (Lair:1)
  Grum (D:8)
  4 water moccasins
  An acid dragon (D:10)
  2 ice beasts
  2 sky beasts
  6 black bears
  2 orc warriors
  4 ogres
  4 wolves (D:8)
  4 centaurs
  2 phantoms (D:5)
  2 kobold brigands
  Blork the orc (D:5)
  A gnoll sergeant (D:6)
  3 scorpions
  9 killer bees
  5 wights (D:9)
  A howler monkey (D:8)
  2 hounds
  A jelly (D:5)
  A gnoll shaman (D:10)
  11 orc priests
  2 iguanas
  3 bullfrog skeletons
  11 orc wizards
  2 hell rats (D:9)
  A killer bee zombie (D:8)
  Robin (D:2)
  14 gnolls
  A howler monkey skeleton (D:4)
  A river rat (D:9)
  4 adders
  An adder skeleton (D:5)
  2 worms
  2 dart slugs
  50 orcs
  13 endoplasms
  A giant cockroach (D:4)
  10 hobgoblins
  2 jackals (D:1)
  2 quokkas
  9 ball pythons
  9 bats
  A frilled lizard (D:1)
  14 goblins
  22 kobolds
  4 rats
277 creatures vanquished.

Vanquished Creatures (others)
  2 fungi (Lair:1)
  5 plants (Lair:1)
7 creatures vanquished.

Grand Total: 284 creatures vanquished

Notes
Turn   | Place    | Note
-------+----------+-------------------------------------------
     0 | D:1      | mhtbhm the Minotaur Fighter began the quest for the Orb.
     0 | D:1      | Reached XP level 1. HP: 19/19 MP: 0/0
   227 | D:1      | Found a faded altar of an unknown god.
   262 | D:1      | Became a worshipper of Zin the Law-Giver
   262 | D:1      | Reached * piety under Zin
   336 | D:1      | Reached XP level 2. HP: 27/27 MP: 1/1
   387 | D:1      | Upgraded the game from 0.28-a0-425-gd0eccab798 to
                  | 0.28-a0-429-g1448048969
   849 | D:2      | Found a hazy altar of Hepliaklqana.
   961 | D:2      | Reached XP level 3. HP: 29/33 MP: 2/2
  1162 | D:2      | Reached ** piety under Zin
  1239 | D:2      | Noticed Robin
  1249 | D:2      | Killed Robin
  1250 | D:2      | Reached skill level 3 in Long Blades
  1256 | D:2      | Reached XP level 4. HP: 26/40 MP: 3/3
  1779 | D:2      | Reached skill level 5 in Armour
  2067 | D:3      | Reached skill level 1 in Dodging
  2254 | D:3      | Reached XP level 5. HP: 35/47 MP: 4/4
  2968 | D:4      | Noticed a black bear
  2970 | D:4      | Noticed an ogre
  2983 | D:4      | Killed a black bear
  2984 | D:4      | Reached skill level 4 in Long Blades
  2984 | D:4      | Reached XP level 6. HP: 47/53 MP: 5/5
  3359 | D:4      | Reached skill level 5 in Long Blades
  3851 | D:5      | Entered Level 5 of the Dungeon
  3897 | D:5      | Reached skill level 5 in Fighting
  3897 | D:5      | Reached XP level 7. HP: 51/61 MP: 6/6
  3952 | D:5      | Found an iron altar of Okawaru.
  4014 | D:5      | Reached skill level 6 in Long Blades
  4044 | D:5      | Fell from the grace of Zin
  4044 | D:5      | Became a worshipper of Warmaster Okawaru
  4396 | D:5      | Found a staircase to the Ecumenical Temple.
  4452 | D:5      | Reached skill level 7 in Long Blades
  4452 | D:5      | Reached XP level 8. HP: 40/70 MP: 7/7
  4598 | D:5      | Noticed Blork the orc
  4610 | D:5      | Killed Blork the orc
  4610 | D:5      | Reached * piety under Okawaru
  4725 | D:5      | Reached skill level 5 in Shields
  4821 | D:5      | Reached skill level 8 in Long Blades
  5235 | D:6      | Found a hazy altar of Hepliaklqana.
  5255 | D:6      | Reached ** piety under Okawaru
  5452 | D:6      | Found an ancient bone altar of Kikubaaqudgha.
  5651 | D:6      | Found a sacrificial altar of Ru.
  5801 | D:6      | Found Jaoxadac's Armour Emporium.
  5898 | D:6      | Reached skill level 9 in Long Blades
  5951 | D:6      | Reached XP level 9. HP: 39/78 MP: 8/8
  6406 | D:6      | Found a white marble altar of Elyvilon.
  6533 | D:6      | Noticed a two-headed ogre
  6539 | D:6      | Killed a two-headed ogre
  7008 | D:7      | Reached *** piety under Okawaru
  7085 | D:7      | Reached skill level 10 in Long Blades
  7085 | D:7      | Reached skill level 1 in Evocations
  7435 | D:7      | Found a basalt altar of Yredelemnul.
  8032 | D:8      | Found a broken altar of Ashenzari.
  8188 | D:8      | Noticed Maggie
  8189 | D:8      | Noticed a two-headed ogre
  8191 | D:8      | Noticed Gastronok
  8200 | D:8      | Killed a two-headed ogre
  8201 | D:8      | Reached XP level 10. HP: 31/88 MP: 9/9
  8206 | D:8      | Killed Maggie
  8209 | D:8      | HP: 1/88 [Gastronok (28)]
  8251 | D:9      | Noticed a death yak
  8251 | D:9      | HP: 3/88 [orc (3)]
  8253 | D:9      | Noticed a death yak
  8361 | D:8      | Reached **** piety under Okawaru
  8362 | D:8      | Reached skill level 10 in Armour
  8362 | D:8      | Reached skill level 5 in Dodging
  8792 | D:8      | Found a snail-covered altar of Cheibriados.
  8809 | D:8      | Noticed Grum
  8810 | D:8      | Identified the ring of Koowekko {Fly rF+ rC+ rN+ Dex+2}
  8818 | D:8      | Reached skill level 11 in Long Blades
  8849 | D:8      | Killed Grum
  9353 | D:9      | Noticed a death yak
  9365 | D:8      | HP: 3/88 [death yak (18)]
 10083 | D:9      | Found a staircase to the Lair.
 10379 | D:9      | Found a shimmering altar of Xom.
 10419 | D:10     | Entered Level 10 of the Dungeon
 10808 | D:10     | Reached skill level 12 in Long Blades
 10912 | D:10     | Noticed a gargoyle
 10918 | D:10     | Killed a gargoyle
 10964 | D:10     | Noticed a gargoyle
 10977 | D:10     | Killed a gargoyle
 11376 | D:10     | Reached XP level 11. HP: 72/97 MP: 10/10
 11737 | D:10     | Noticed a two-headed ogre
 11745 | D:10     | Killed a two-headed ogre
 11745 | D:10     | Reached ***** piety under Okawaru
 12350 | D:9      | Found a shimmering blue altar of Sif Muna.
 12781 | D:9      | Killed a death yak
 12792 | D:9      | Killed a death yak
 12793 | D:9      | Reached skill level 13 in Long Blades
 13105 | D:9      | Found an ornate altar of the Wu Jian Council.
 13139 | D:9      | Found a stormy altar of Qazlal.
 13177 | D:9      | Found a burning altar of Makhleb.
 13362 | Lair:1   | Entered Level 1 of the Lair of Beasts
 13430 | Lair:1   | Reached skill level 10 in Fighting
 13715 | Lair:1   | Noticed a seven-headed hydra
 13923 | Lair:1   | Noticed a death yak
 13923 | Lair:1   | Noticed a death yak
 13924 | Lair:1   | Noticed a death yak
 13924 | Lair:1   | Noticed a death yak
 13925 | Lair:1   | Noticed a death yak
 13985 | Lair:1   | Killed a death yak
 13985 | Lair:1   | Received a gift from Okawaru
 13993 | Lair:1   | Killed a death yak
 13994 | Lair:1   | Slain by a death yak

Illustrated notes

Levels and vault maps discovered:
D:1:      lightli_arrival_maybe_door_vault, layout_rooms,
          chequers_ecumenical_altar_island, nrook_mini_backslash,
          grunt_decor_cap, chequers_decorated_corner, minmay_door_square,
          grunt_decor_clamped
D:2:      layout_basic, basic_altar, serial_corexii_hall,
          chequers_hall_statues_wall_a, corexii_hall_statues_s, uniq_robin
D:3:      layout_basic, hangedman_decor_clover_reticule, st_stairs_7,
          kennysheep_decorative_pillar
D:4:      layout_loops_ring
D:5:      layout_basic, okawaru_trees_2, minmay_temple_entry_butterflies,
          uniq_blork_the_orc
D:6:      layout_basic, mainiacjoe_overflow_catwalk_spiral, old_standard_altar,
          overflow_temple_1_default, serial_shops, nicolae_shop_stone
D:7:      layout_basic, mainiacjoe_overflow_boulevard
D:8:      layout_basic, kennysheep_mini, overflow_temple_1_default, uniq_grum,
          uniq_maggie, uniq_gastronok
D:9:      layout_cave_pools, mainiacjoe_overflow_tiny_flanked,
          mainiacjoe_overflow_small_starburst, mainiacjoe_overflow_alcove_2,
          mainiacjoe_overflow_catch_the_wave, dpeg_lair_monsters
D:10:     minmay_goldmine, layout_basic, serial_corexii_hall,
          chequers_hall_statues_wall_a, chequers_hall_statues_corner_a,
          chequers_hall_statues_corner_a, corexii_hall_statues_t,
          minmay_misc_feat_pillars
Lair:1:   layout_roguey, maelrawn_ghost_gauntlet_escape, grunt_megastairs_2

Skill      XL: |  1  2  3  4  5  6  7  8  9 10 11 |
---------------+----------------------------------+-----
Armour         | 4 5 6 7 8 9 10 | 10.5
Fighting       | 4 5 6 7 9 10 | 10.6
Long Blades    | 3 4 5 7 9 10 12 13 | 13.5
Shields        | 4 5 6 7 8 |  8.2
Dodging        | 1 2 3 4 5 7 |  7.0
Evocations     | 1 2 |  2.1
Stealth        | |  0.2
Invocations    | |  0.2

Action                   |  1- 3 |  4- 6 |  7- 9 | 10-12 || total
-------------------------+-------+-------+-------+-------++-------
Melee: Long sword        |    71 |   140 |   259 |   366 ||   836
       Headbutt          |     7 |    28 |    67 |    82 ||   184
Invok: Heroism           |       |       |       |     2 ||     2
Evoke: Wand              |       |     3 |     8 |     8 ||    19
  Use: Scroll            |       |     4 |     2 |    12 ||    18
       Potion            |       |       |     5 |     6 ||    11
 Stab: Paralysed         |       |       |     7 |     3 ||    10
Armor: Scale mail        |    30 |    48 |   119 |     6 ||   203
       Acid dragon scale |       |       |       |    58 ||    58
Dodge: Dodged            |    52 |    63 |   132 |   196 ||   443
Block: Buckler           |    15 |    27 |    68 |    90 ||   200

Table legend: (Time is in decaauts)
 A = Elapsed time spent in this place.
 B = Non-inter-level travel time spent in this place.
 C = Inter-level travel time spent in this place.
 D = Time resting spent in this place.
 E = Time spent auto-exploring this place.
 F = Levels seen in this place.
 G = Mean time per level.
                   A        B        C        D        E       F      G
               +--------+--------+--------+--------+--------+-----+--------+
         Total |  13974 |  13953 |     21 |   3958 |   7443 |  11 | 1270.4 |
       Dungeon |  13362 |  13341 |     21 |   3571 |   7367 |  10 | 1336.2 |
          Lair |    611 |    611 |      0 |    387 |     76 |   1 |  611.0 |
               +--------+--------+--------+--------+--------+-----+--------+

Top non-repeatable levels by time:
     D:8: 2026 daAuts
    D:10: 2020 daAuts
     D:6: 1775 daAuts
     D:5: 1376 daAuts
     D:9: 1263 daAuts
     D:2: 1127 daAuts
     D:7: 990 daAuts
     D:4: 960 daAuts
     D:3: 953 daAuts
     D:1: 867 daAuts
  Lair:1: 611 daAuts
